AoeStats
← Ultimate_Boredom

MegaRandom

508387686Analyzed
4v4 RM · 11d ago on Sep 22, 2026· 45m 13s· 8 players
Game mode
Random Map
Map size
Large (8 player)
Population
200
Speed
Normal
Resources
Standard
Victory
Conquest
Starting age
Dark Age
Ending age
Imperial Age
RankedLock teamsTeams togetherTeam positionsShared explorationLock speedFull tech treeHidden civsTurbo modeCheats
Victory
Defeat
🇭🇰 Portuguese · Hong Kong SAR China
1381
+17
🇨🇳 Franks · China
1330
+19
🇬🇧 Saracens · United Kingdom
1259
+21
🇹🇼 Muisca · Taiwan
1245
+21
1640
-28
🇺🇸 Dravidians · United States
1537
-26
🇺🇸 Mongols · United States
1202
-12
🇦🇺 Turks · Australia
1190
-12
Ultimate_Boredom
6:42 Loom
12:31 Feudal Age
13:31 Loom
14:21 Wheelbarrow
15:33 Town Watch
19:10 Castle Age
17:04 Stone Mining
17:52 Bloodlines
17:34 Fletching
17:57 Forging
17:53 Scale Barding Armor
17:36 Horse Collar
17:42 Double-Bit Axe
18:22 Gold Mining
20:36 Gold Shaft Mining
20:40 Iron Casting
20:25 Chain Barding Armor
20:07 Husbandry
20:41 Heavy Plow
21:49 Bow Saw
29:25 Imperial Age
28:08 Fortified Wall
27:39 Treadmill Crane
28:22 Ballistics
29:37 Hand Cart
29:25 Town Patrol
29:27 Elite Mameluke
30:30 Conscription
31:22 Blast Furnace
31:05 Plate Barding Armor
mothersky
11:31 Feudal Age
11:48 Loom
13:13 Double-Bit Axe
14:29 Champi Runner
19:14 Castle Age
18:08 Forging
17:59 Horse Collar
19:03 Scale Mail Armor
19:57 Wheelbarrow
21:49 Iron Casting
21:38 Champi Warrior
22:56 Gold Mining
23:51 Padded Archer Armor
24:48 Fletching
25:44 Bodkin Arrow
27:08 Gold Shaft Mining
28:50 Hand Cart
29:37 Leather Archer Armor
34:10 Imperial Age
32:42 Bow Saw
32:34 Heavy Plow
32:56 Stone Mining
34:11 Elite Guecha Warrior
34:54 Bracer
36:00 Chemistry
35:34 Masonry
37:15 Ballistics
42:34 Conscription
46:21 Two-Man Saw
46:22 Crop Rotation
Panchi
1:34 Loom
10:35 Feudal Age
12:50 Wheelbarrow
14:40 Castle Age
14:37 Bloodlines
14:33 Scale Barding Armor
14:39 Double-Bit Axe
16:51 Chain Barding Armor
19:13 Horse Collar
25:30 Bow Saw
28:39 Imperial Age
26:13 Gold Mining
26:52 Forging
27:17 Hand Cart
27:14 Stone Mining
27:43 Husbandry
28:37 Town Watch
29:31 Iron Casting
31:53 Conscription
33:19 Stone Shaft Mining
32:34 Cavalier
小心,有诈。
1:41 Loom
9:11 Feudal Age
13:57 Wheelbarrow
13:27 Double-Bit Axe
15:53 Castle Age
15:39 Scale Barding Armor
15:44 Forging
17:10 Chain Barding Armor
23:42 Iron Casting
25:19 Hand Cart
25:55 Husbandry
29:20 Town Watch
32:34 Imperial Age
30:18 Stone Mining
30:19 Gold Mining
31:39 Gold Shaft Mining
32:47 Bow Saw
33:56 Ballistics
34:39 Chemistry
33:05 Cavalier
34:28 Conscription
34:30 Chivalry
35:43 Plate Barding Armor
34:43 Paladin
36:30 Blast Furnace
37:15 Fletching
38:32 Bodkin Arrow
38:44 Town Patrol
38:52 Siege Engineers
38:57 Masonry
42:32 Padded Archer Armor
42:33 Scale Mail Armor
42:58 Light Cavalry
46:02 Chain Mail Armor
46:20 Architecture
46:01 Fortified Wall
45:47 Murder Holes
sakuzi
1:54 Loom
13:09 Feudal Age
12:06 Loom
13:28 Man-at-Arms
17:52 Double-Bit Axe
23:20 Castle Age
25:50 Castle Age
29:57 Castle Age
30:05 Fletching
30:16 Padded Archer Armor
32:15 Elite Skirmisher
34:05 Ballistics
33:42 Bodkin Arrow
brendansexson
10:52 Feudal Age
9:08 Loom
13:10 Double-Bit Axe
15:37 Castle Age
15:11 Wheelbarrow
14:22 Town Watch
14:20 Horse Collar
15:42 Fletching
15:53 Padded Archer Armor
16:36 Bodkin Arrow
17:39 Bow Saw
19:24 Heavy Plow
24:55 Leather Archer Armor
25:15 Thumb Ring
25:49 Heavy Plow
26:06 Hand Cart
27:13 Ballistics
30:11 Imperial Age
29:20 Gold Mining
30:23 Caravan
30:13 Siege Elephant
30:15 Elite Elephant Archer
32:11 Chemistry
31:22 Bracer
31:57 Ring Archer Armor
32:09 Medical Corps
32:30 Husbandry
43:48 Pikeman
44:28 Squires
Sims_doc
1:55 Loom
9:46 Feudal Age
14:13 Castle Age
12:15 Double-Bit Axe
12:35 Horse Collar
14:58 Wheelbarrow
15:23 Gold Mining
20:44 Imperial Age
21:03 Padded Archer Armor
23:48 Leather Archer Armor
30:40 Ballistics
31:27 Fortified Wall
32:15 Town Watch
33:59 Bombard Tower
CTM | חב"ד ליובאוויט
0:41 Loom
9:41 Feudal Age
12:15 Wheelbarrow
11:59 Double-Bit Axe
12:36 Fletching
13:02 Padded Archer Armor
15:33 Horse Collar
18:28 Castle Age
16:43 Stone Mining
19:07 Bodkin Arrow
22:50 Gold Mining
27:55 Imperial Age
26:04 Stone Shaft Mining
26:01 Hand Cart
25:31 Town Watch
26:36 Ballistics
27:44 Fortified Wall
27:14 Treadmill Crane
27:59 Padded Archer Armor
28:20 Heavy Plow
30:02 Chemistry
29:08 Bracer
29:32 Leather Archer Armor
30:11 Bow Saw
33:46 Hand Cart
34:32 Thumb Ring
35:13 Crop Rotation
34:53 Pirotechnia
35:05 Conscription
35:21 Hoardings
40:02 Elite Genoese Crossbowman
Connection lost

Rejoining the realm…

Still unreachable

The connection could not be restored.

Session expired

The server has moved on; the page needs a fresh start.